 Dungeon Crawl Stone Soup version 0.30.0-5-g1a98f26d00 (webtiles) character file.

Game seed: 14508342939302404753

109 SnakkuSnakku7 the Insei (level 4, -1/34 HPs)
             Began as a Vampire Hedge Wizard on May 12, 2023.
             Slain by a gnoll
             ... wielding a +0 halberd
              (10 damage)
             ... on level 2 of the Dungeon.
             The game lasted 00:03:47 (1305 turns).

SnakkuSnakku7 the Insei (Vampire Hedge Wizard)      Turns: 1305, Time: 00:03:47

Health: -1/34      AC: 10    Str: 11    XL:     4   Next: 59%
Magic:  8/8        EV: 10    Int: 16    God:
Gold:   174        SH:  5    Dex: 13    Spells: 8/9 levels left

rFire   . .          .
                       - Unarmed
rCold   . . .        (no shield)
rNeg    . . .        p - +1 ring mail of the Stone Wall {Will+}
rPois   .            t - +0 helmet
rElec   .            j - +2 cloak
rCorr   .            (no gloves)
SInv    +            (no boots)
Will    +....        s - amulet of reflection
Stlth   ++           (no ring)
HPRegen 0.45/turn    (no ring)
MPRegen 0.11/turn

%: reflection
@: healing quickly
A: alive, fangs 3, see invisible, vampiric 2
a: Exsanguinate


You were on level 2 of the Dungeon.
You visited 1 branch of the dungeon, and saw 2 of its levels.

You collected 174 gold pieces.

Inventory:

Hand Weapons
 a - a +0 dagger
Armour
 b - a +0 robe
 c - a +0 hat
 j - a +2 cloak (worn)
 m - a +0 ring mail
 p - the +1 ring mail of the Stone Wall (worn) {Will+}
   (You found it on level 2 of the Dungeon)

   Will:      It increases your willpower.
 t - a +0 helmet (worn)
Jewellery
 s - an amulet of reflection (around neck)
Scrolls
 e - 2 scrolls of identify {unknown}
 h - a scroll of magic mapping {unknown}
 k - a scroll of silence {unknown}
 l - a scroll of teleportation {unknown}
 n - 2 scrolls of immolation {unknown}
 o - a scroll of butterflies {unknown}
 r - a scroll of blinking {unknown}
 u - a scroll of fog {unknown}
Potions
 d - a potion of magic
 f - a potion of lignification {unknown}
 g - a potion of brilliance {unknown}
 i - a potion of invisibility {unknown}
 q - a potion of resistance {unknown}
 v - 2 potions of curing {unknown}


   Skills:
 + Level 2.6 Fighting
 - Level 2.1 Dodging
 - Level 3.0 Stealth
 + Level 3.2 Unarmed Combat
 - Level 3.0 Spellcasting
 - Level 0.6 Conjurations
 - Level 1.0 Summonings
 - Level 0.7 Translocations


You had 8 spell levels left.
You knew the following spells:

 Your Spells              Type           Power      Damage    Failure   Level
a - Magic Dart            Conj           16%        1d3       34%         1

Your spell library contained the following spells:

 Spells                   Type           Power      Damage    Failure   Level
 Sandblast                Erth           4%         2d4       41%         1
 Slow                     Hex            8%         N/A       41%         1
 Call Imp                 Summ           10%        N/A       41%         2
 Blink                    Tloc           8%         N/A       45%         2
 Cigotuvi's Dreadful Rot  Necr/Pois/Air  4%         N/A       56%         2
 Passwall                 Tmut/Erth      1%         N/A       56%         2
 Mephitic Cloud           Conj/Pois/Air  3%         N/A       77%         3
 Stone Arrow              Conj/Erth      6%         3d7       77%         3


Dungeon Overview and Level Annotations

Branches:
Dungeon (2/15)

Altars:

Shops:
D:2 :


Innate Abilities, Weirdness & Mutations

Your natural rate of healing is accelerated.
You have razor-sharp teeth.
You have supernaturally acute eyesight. (SInv)
You are afflicted with vampirism and can become a bat while bloodless.


Message History

You hit Terence but do no damage.
Terence is severely wounded.
Terence hits you but does no damage.
You barely miss Terence. Your bite misses Terence.
Terence is severely wounded.
You block Terence's attack.
You hit Terence.
Terence is severely wounded.
Terence hits you with a +0 short sword.
You hit Terence.
Terence is almost dead.
Terence hits you with a +0 short sword.
You completely miss Terence. You bite Terence.
Terence is almost dead.
You hit Terence.
You kill Terence!
Your Unarmed Combat skill increases to level 3!
You hit the gnoll.
The gnoll is moderately wounded.
The gnoll completely misses you.
You hit the gnoll.
The gnoll is severely wounded.
You block the gnoll's attack.
You hit the gnoll.
The gnoll is almost dead.
The gnoll hits you with a +1 whip of electrocution.
You hit the gnoll.
The gnoll is almost dead.
The gnoll hits you with a +1 whip of electrocution!
You are electrocuted!
* * * LOW HITPOINT WARNING * * *
You are too injured to fight recklessly!
You are too injured to fight recklessly!
You are too injured to fight recklessly!
You hit the gnoll.
You kill the gnoll!
Okay, then.
The gnoll attacks as you move away! The gnoll barely misses you.
The gnoll hits you from afar with a +0 halberd!
You die...

.#####.# .# .#
.##.# ....#
.......# ########
### # # ##g##.# #
########)#@..# #
.......##)#### #
..)....##g#### #
....g....r...#
>...r..##.##.#
....... #.##.#
....... #....#
....... ###..#
##########.####..#


You could see 2 gnolls and a rat.

Vanquished Creatures
  Terence (D:2)
  A gnoll (D:2)
  2 adders (D:2)
  2 worms (D:2)
  An orc (D:2)
  6 ball pythons (D:1)
  5 endoplasms
  3 giant cockroaches
  A goblin (D:2)
  4 hobgoblins
  3 jackals (D:1)
  3 quokkas
  A bat (D:1)
  2 frilled lizards (D:2)
  7 kobolds
  4 rats
46 creatures vanquished.

Notes
Turn   | Place    | Note
-------+----------+-------------------------------------------
     0 | D:1      | SnakkuSnakku7 the Vampire Hedge Wizard began the quest for
                  | the Orb.
     0 | D:1      | Reached XP level 1. HP: 13/13 MP: 4/4
   129 | D:1      | Reached skill level 1 in Unarmed Combat
   134 | D:1      | Reached skill level 1 in Fighting
   134 | D:1      | Reached XP level 2. HP: 11/21 MP: 6/6
   629 | D:2      | Gained mutation: You are afflicted with vampirism and can
                  | become a bat while bloodless. [Vampire growth]
   629 | D:2      | Reached XP level 3. HP: 26/26 MP: 7/7
   782 | D:2      | Identified the +1 ring mail of the Stone Wall {Will+}
   900 | D:2      | Found Lybeesho's Book Shop.
  1131 | D:2      | Reached XP level 4. HP: 27/33 MP: 8/8
  1269 | D:2      | Noticed Terence
  1298 | D:2      | Killed Terence
  1305 | D:2      | Slain by a gnoll

Illustrated notes

Levels and vault maps discovered:
D:1:      dpeg_arrival_pond, layout_rooms
D:2:      minmay_general_purpose_star, layout_loops_cross, basic_altar,
          serial_shops, shop, minmay_pentomino_r4, uniq_terence, uniq_robin,
          uniq_crazy_yiuf_cottage

Skill      XL: |  1  2  3  4 |
---------------+-------------+-----
Unarmed Combat | 1 2 3 |  3.2
Fighting       | 1 2 |  2.6
Dodging        | |  2.1
Stealth        | |  3.0
Spellcasting   | |  3.0
Conjurations   | |  0.6
Summonings     | |  1.0
Translocations | |  0.7

Action                     |  1- 3 |  4- 6 || total
---------------------------+-------+-------++-------
  Melee: Dagger            |   118 |       ||   118
         Bite              |    20 |     4 ||    24
         Punch             |     2 |       ||     2
         Unarmed           |   100 |    30 ||   130
   Stab: Sleeping          |     5 |       ||     5
 Armour: Robe              |    13 |       ||    13
         Ring mail         |    49 |     7 ||    56
  Dodge: Dodged            |   105 |     8 ||   113
  Block: Other             |     3 |     6 ||     9
